Map: Thunderbird LE

Players

Mez - Winner!

  • Race: Terran Terran
  • League: Master
  • Spawn Location: 5:00

IlIlIlIlIlIl

  • Race: Protoss Protoss
  • League: Master
  • Spawn Location: 11:00

VOD

Have the link to the VOD?

Description

Time

  • Played on: Sept. 3, 2019, 1:21 a.m.
  • Length: 6:56
Show
View Real Time Build Order
Export as new Build Order

Mez Terran - Winner!

Build Orders: Liberator Opening 

Get SALT Encoding   

  12  0:00  SCV  
  13  0:13  SCV  
  14  0:17  Supply Depot  
  14  0:25  SCV  
  15  0:39  Barracks, SCV  
  16  0:44  Refinery  
  16  0:51  SCV  
  17  1:03  SCV  
  18  1:05  Supply Depot  
  18  1:21  SCV  
  19  1:27  Bunker, Marine  
  20  1:34  Refinery  
  20  1:35  Orbital Command  
  20  1:45  Marine  
  21  2:07  Marine  
  22  2:11  SCV  
  21  2:19  Factory  
  21  2:23  SCV  
  21  2:25  Marine  
  23  2:53  Supply Depot  
  23  3:00  SCV  
  23  3:04  Factory Tech Lab  
  23  3:09  Supply Depot  
  23  3:16  Barracks  
  23  3:31  Siege Tank, SCV  
  23  3:32  Starport  
  27  3:43  SCV  
  28  3:48  Supply Depot  
  28  3:53  Liberator  
  28  3:55  SCV  
  29  4:07  Barracks Reactor  
  29  4:10  Cyclone  
  29  4:15  SCV  
  36  4:31  Supply Depot  
  36  4:47  Cyclone  
  39  4:52  Marine x2  
  39  4:53  SCV  
  39  4:59  Viking  
  44  5:05  SCV  
  45  5:11  Marine x2  
  45  5:13  Command Center  
  47  5:26  Supply Depot  
  47  5:28  SCV  
  47  5:29  Marine x2  
  50  5:35  Siege Tank  
  50  5:37  Medivac  
  55  5:48  SCV  
  56  6:00  SCV, Marine x2  
  56  6:02  Barracks  
  59  6:04  Barracks  
  59  6:06  Supply Depot  
  59  6:13  Starport Reactor  
  59  6:15  Siege Tank  
  62  6:33  SCV  
Show
View Real Time Build Order
Export as new Build Order

IlIlIlIlIlIl Protoss 

Build Orders: Cannon Rush 

Get SALT Encoding   

  12  0:01  Probe  
  13  0:13  Probe  
  14  0:20  Pylon  
  14  0:25  Probe  
  15  0:38  Probe  
  15  0:39  Forge  
  16  0:46  Probe  
  16  0:55  Probe  
  16  0:56  Pylon  
  18  1:17  Photon Cannon  
  18  1:18  Photon Cannon  
  18  1:32  Gateway  
  18  1:41  Photon Cannon  
  18  1:46  Pylon  
  18  2:04  Photon Cannon  
  18  2:06  Photon Cannon  
  18  2:13  Zealot  
  20  2:28  Probe  
  21  2:31  Zealot  
  21  2:32  Assimilator x2  
  21  2:42  Probe  
  23  2:54  Probe  
  23  2:57  Zealot  
  26  3:06  Probe  
  26  3:10  Cybernetics Core  
  26  3:11  Gateway  
  27  3:19  Probe  
  28  3:26  Zealot  
  30  3:31  Probe  
  30  3:32  Pylon  
  31  3:47  Warp Gate  
  31  3:49  Robotics Facility  
  31  3:54  Adept  
  33  3:59  Stalker  
  35  4:09  Gateway  
  35  4:26  Immortal  
  35  4:29  Adept  
  41  4:44  Stalker  
  41  4:57  Pylon  
  41  4:58  Pylon  
  41  5:09  Immortal  
  45  5:21  Pylon  
  45  5:27  Shield Battery  
  45  5:42  Stalker  
  43  6:04  Probe  
  44  6:14  Robotics Facility  
  44  6:18  Probe  
  45  6:32  Probe  
  46  6:39  Twilight Council  
Tags
 
Add a new tag
Caveats
  • Supply blocks, unpowered buildings, or Contaminate may cause inaccurate times.
  • Supply counts are checked every 10 seconds.